 Dungeon Crawl Stone Soup version 0.26.1-2-gb8aa6d0cf2 (webtiles) character file.

Game seed: 853602356078329800

114 sizableburger the Slasher (level 4, -2/27 HPs)
             Began as a Deep Elf Abyssal Knight on Mar 12, 2021.
             Was a Believer of Lugonu.
             Slain by a gnoll
             ... wielding a +0 halberd
              (7 damage)
             ... on level 3 of the Dungeon.
             The game lasted 00:08:42 (3831 turns).

sizableburger the Slasher (Deep Elf Abyssal Knight) Turns: 3831, Time: 00:08:42

Health: -2/27      AC:  3    Str: 10    XL:     4   Next: 66%
Magic:  0/7        EV: 12    Int: 17    God:    Lugonu [**....]
Gold:   110        SH:  0    Dex: 14    Spells: 3/3 levels left

rFire    . . .     SeeInvis .   a - +1 falchion
rCold    . . .     Faith    .   (no shield)
rNeg     . . .     Spirit   +   b - +0 leather armour
rPois    .         Reflect  .   (no helmet)
rElec    .         Harm     .   (no cloak)
rCorr    .         Rampage  .   (no gloves)
Will     .....                  (no boots)
Stlth    ++........             f - amulet of guardian spirit
HPRegen  0.09/turn              h - ring of stealth
MPRegen  0.10/turn              (no ring)

@: no status effects
A: no striking features
a: Renounce Religion, Depart the Abyss, Bend Space


You were on level 3 of the Dungeon.
You worshipped Lugonu.
Lugonu was pleased with you.
You visited 1 branch of the dungeon, and saw 3 of its levels.
You visited the Abyss 1 time.

You collected 110 gold pieces.

Inventory:

Hand Weapons
 a - a +1 falchion (weapon)
Missiles
 i - 23 arrows
Armour
 b - a +0 leather armour (worn)
 k - a +2 kite shield
Jewellery
 f - an amulet of guardian spirit (around neck)
 h - a ring of stealth (left hand)
Scrolls
 c - 2 scrolls of identify
 d - a scroll of teleportation
 e - a scroll of noise {unknown}
 g - 2 scrolls of blinking {unknown}
 j - 2 scrolls of enchant weapon {unknown}


   Skills:
 + Level 2.7 Fighting
 + Level 4.0 Long Blades
 - Level 0.7 Armour
 - Level 2.4 Dodging
 - Level 2.4 Invocations


You had 3 spell levels left.
You didn't know any spells.
Your spell library was empty.

Dungeon Overview and Level Annotations

Branches:
Dungeon (3/15)

Altars:

Annotations:
D:2 Sigmund, Terence


Message History

You start resting.
Sigmund is nearby!
Magic restored.
You climb downwards.
There is a stone staircase leading up here.
Okay, then.
The gnoll hits you but does no damage. The gnoll barely misses you.
You hit the gnoll.
The gnoll is heavily wounded.
The gnoll hits you with a +0 halberd! The gnoll misses you.
You hit the gnoll.
The gnoll is severely wounded.
The gnoll hits you with a +0 halberd.
The gnoll hits you from afar with a +0 spear.
* * * LOW HITPOINT WARNING * * *
You aren't carrying any potions.
Okay, then.
The gnoll hits you from afar with a +0 halberd!
You die...

g. #g
####.#g#########.# #.
......†....$...... #.
##.#.#.###g#####. #.
#. #.# #. #. #.# #.
#.# #.###g##### #.
#.#.#.....gg.@#
#######.
#.#.#.###.#####
........
####.#.#.###.########
####.##.
......>..............
.....#.
......)...##.########
######..#.
####.###..##.#
#......(..
.............#
#.####.#(#
####.###..##.# #.#.#
# #.####.##.# #.#..


You could see 3 gnolls.

Vanquished Creatures
  4 adders
  A river rat (D:3)
  2 worms (D:3)
  2 dart slugs
  A leopard gecko (D:2)
  4 bats
  3 giant cockroaches
  6 goblins
  5 hobgoblins
  9 jackals
  2 quokkas (D:3)
  2 frilled lizards
  7 kobolds
  8 rats
56 creatures vanquished.

Notes
Turn   | Place    | Note
-------+----------+-------------------------------------------
     0 | Abyss:1  | sizableburger the Deep Elf Abyssal Knight began the quest
                  | for the Orb.
     0 | Abyss:1  | Reached XP level 1. HP: 13/13 MP: 4/4
    67 | Abyss:1  | Noticed a small abomination
    68 | Abyss:1  | Noticed a small abomination
    72 | D:1      | Escaped the Abyss
   111 | D:1      | Reached * piety under Lugonu
   114 | D:1      | Reached skill level 2 in Long Blades
   306 | D:1      | Reached XP level 2. HP: 8/18 MP: 5/5
  1642 | D:2      | Reached XP level 3. HP: 22/22 MP: 6/6
  1660 | D:2      | Reached skill level 3 in Long Blades
  2593 | D:2      | Noticed Terence
  2648 | D:2      | Noticed Sigmund
  2781 | D:3      | Reached XP level 4. HP: 20/27 MP: 4/7
  3037 | D:3      | Reached ** piety under Lugonu
  3517 | D:3      | Reached skill level 4 in Long Blades
  3831 | D:3      | Slain by a gnoll

Illustrated notes

Levels and vault maps discovered:
D:1:      ebering_trefoil_twist, layout_loops_ring
D:2:      layout_basic, uniq_natasha, uniq_terence, uniq_sigmund
D:3:      layout_basic, lightli_sewer_entry_pipes

Skill      XL: |  1  2  3  4 |
---------------+-------------+-----
Long Blades    | 2 3 4 |  4.0
Fighting       | |  2.7
Armour         | |  0.7
Dodging        | |  2.4
Invocations    | |  2.4

Action                   |  1- 3 |  4- 6 || total
-------------------------+-------+-------++-------
Melee: Falchion          |   102 |    92 ||   194
Invok: Depart the Abyss  |     1 |       ||     1
  Use: Potion            |     3 |       ||     3
       Scroll            |     2 |     1 ||     3
 Stab: Sleeping          |     2 |     3 ||     5
Armor: Leather armour    |    26 |    13 ||    39
Dodge: Dodged            |    78 |    59 ||   137
       Rpst.: Falchion   |    30 |    14 ||    44
